 Dungeon Crawl Stone Soup version 0.28.0-53-g5a82cb258f (webtiles) character file.

Game seed: 15070959540670597708

529 uste the Cudgeller (level 7, 0/60 HPs)
             Began as a Minotaur Fighter on June 18, 2022.
             Was a Believer of Dithmenos.
             Slain by Duvessa
             ... wielding a +0 short sword
              (3 damage)
             ... on level 4 of the Dungeon.
             The game lasted 00:16:15 (3973 turns).

uste the Cudgeller (Minotaur Fighter)               Turns: 3973, Time: 00:16:16

Health: 0/60       AC:  7    Str: 22    XL:     7   Next: 3%
Magic:  6/6        EV:  9    Int:  5    God:    Dithmenos [**....]
Gold:   254        SH:  4    Dex: 10    Spells: 6/6 levels left

rFire   . . .      SeeInvis .   a - +0 flail (freeze)
rCold   . . .      Faith    .   c - +0 buckler
rNeg    . . .      Spirit   .   b - +0 scale mail
rPois   .          Reflect  .   (helmet restricted)
rElec   .          Harm     .   (no cloak)
rCorr   .          Rampage  .   (no gloves)
Will    .....                   (no boots)
Stlth   ..........              (no amulet)
HPRegen 0.20/turn               (no ring)
MPRegen 0.10/turn               (no ring)

@: wreathed by umbra
A: horns 2, retaliatory headbutt
a: Renounce Religion, Shadow Step


You were on level 4 of the Dungeon.
You worshipped Dithmenos.
Dithmenos was pleased with you.
You visited 1 branch of the dungeon, and saw 4 of its levels.
You also visited: Sewer.

You collected 254 gold pieces.

Inventory:

Hand Weapons
 a - a +0 flail of freezing (weapon)
Missiles
 o - a throwing net (quivered)
Armour
 b - a +0 scale mail (worn)
 c - a +0 buckler (worn)
Jewellery
 g - a +6 ring of intelligence
Scrolls
 f - a scroll of immolation {unknown}
 h - 2 scrolls of noise
 i - 3 scrolls of fog
 j - 3 scrolls of teleportation {unknown}
 k - 3 scrolls of identify
 l - a scroll of vulnerability {unknown}
Potions
 d - a potion of might
 e - 3 potions of curing
 m - a potion of flight {unknown}
 n - a potion of degeneration {unknown}
 p - a potion of lignification {unknown}


   Skills:
 + Level 4.9 Fighting
 + Level 6.4 Maces & Flails
 + Level 5.8 Armour
 + Level 1.3 Dodging
 + Level 0.3 Stealth
 + Level 4.4 Shields


You had 6 spell levels left.
You didn't know any spells.
Your spell library contained the following spells:

 Spells                   Type           Power      Damage    Failure   Level
 Sandblast                Erth           0%         2d4       86%         1
 Passwall                 Tmut/Erth      0%         N/A       95%         2
 Gell's Gravitas          Tloc           0%         N/A       99%         3
 Lesser Beckoning         Tloc           0%         N/A       99%         3
 Stone Arrow              Conj/Erth      0%         3d7       99%         3
 Teleport Other           Tloc           0%         N/A       99%         3


Dungeon Overview and Level Annotations

Branches:
Dungeon (4/15)              Sewer (visited)
 Temple: D:4-7

Altars:
Dithmenos

Shops:
D:3 =

Annotations:
D:4 Dowan, Duvessa


Innate Abilities, Weirdness & Mutations

You have a pair of horns on your head.
You reflexively headbutt those who attack you in melee.


Message History

Duvessa hits you but does no damage.
You hit Duvessa. You freeze Duvessa.
Duvessa is moderately wounded.
Duvessa zaps a wand.
The puff of flame hits you.
You closely miss Duvessa.
Duvessa is moderately wounded.
Duvessa hits you with a +0 short sword.
You sock Duvessa! You freeze Duvessa.
Duvessa is severely wounded.
Duvessa zaps a wand.
The puff of flame hits you.
You closely miss Duvessa. You headbutt Duvessa, but do no damage.
Duvessa is severely wounded.
Duvessa hits you with a +0 short sword.
You hit Duvessa but do no damage.
Duvessa is severely wounded.
Duvessa hits you with a +0 short sword.
You barely miss Duvessa. Your headbutt misses Duvessa.
Duvessa is severely wounded.
Duvessa hits you with a +0 short sword.
You closely miss Duvessa. You headbutt Duvessa, but do no damage.
Duvessa is severely wounded.
Duvessa zaps a wand.
The puff of flame hits you!
Dowan casts a spell at Duvessa.
Duvessa seems to speed up.
You barely miss Duvessa. You headbutt Duvessa!
Duvessa is almost dead.
Duvessa hits you with a +0 short sword. Duvessa hits you with a +0 short sword!
* * * LOW HITPOINT WARNING * * *
Duvessa hits you but does no damage.
Dowan says, "Magic and the sword, together, will defeat you."
Dowan gestures wildly while chanting.
Dowan blinks!
Duvessa hits you with a +0 short sword.
* * * LOW HITPOINT WARNING * * *
Duvessa says, "My weaknesses are his strengths!"
Duvessa zaps a wand.
The puff of flame hits you.
* * * LOW HITPOINT WARNING * * *
There is an escape hatch in the floor here.
Duvessa hits you with a +0 short sword.
You die...

.#
#.###..##.#...............#..
.#
#...))).##......####e######..
.# #.#####.))..##..# #.# #..
.####.# ##)..#.##.# #.# #..
......# ##..##:#.# #.# #..
#####.# ##..###.# #.# #.. #
##.## ##.....####.# #.. #
##...## ##.e.......# #..
###.....###### #@######### #..
.............###.#
###########..
###.....###...##.#
#............ ##.............#
#.##.>......#
########...#######.##.########
.................##.#
#######.###########.# #.# #.#
#.###########.#


You could see Duvessa (fast).

Vanquished Creatures
  Grinder (D:3)
  A necrophage (D:4)
  An orc wizard (D:4)
  4 gnolls (D:4)
  3 river rats (Sewer)
  7 adders
  A worm (D:3)
  3 dart slugs (D:1)
  2 orcs (D:4)
  13 ball pythons
  10 endoplasms
  5 giant cockroaches
  7 goblins
  4 hobgoblins
  4 jackals
  4 quokkas
  A ball python skeleton (D:3)
  4 bats
  9 frilled lizards
  6 kobolds
  5 rats
95 creatures vanquished.

Notes
Turn   | Place    | Note
-------+----------+-------------------------------------------
     0 | D:1      | uste the Minotaur Fighter began the quest for the Orb.
     0 | D:1      | Reached XP level 1. HP: 19/19 MP: 0/0
   115 | D:1      | Reached XP level 2. HP: 24/27 MP: 1/1
   612 | D:1      | Reached XP level 3. HP: 33/33 MP: 2/2
   975 | D:2      | Reached skill level 3 in Maces & Flails
  1132 | D:2      | Found a faded altar of an unknown god.
  1146 | D:2      | Prayed at the altar of an unknown god.
  1146 | D:2      | Became a worshipper of Dithmenos the Shadowed
  1146 | D:2      | Reached * piety under Dithmenos
  1957 | D:3      | Found Wyhiupp's Jewellery Boutique.
  2074 | D:3      | Found a glowing drain.
  2091 | Sewer    | Entered a sewer
  2131 | Sewer    | Reached XP level 4. HP: 40/40 MP: 3/3
  2140 | Sewer    | Reached ** piety under Dithmenos
  2202 | Sewer    | Reached skill level 4 in Maces & Flails
  2629 | D:3      | Noticed Grinder
  2640 | D:3      | Reached XP level 5. HP: 42/47 MP: 4/4
  2648 | D:3      | Paralysed by Grinder for 3 turns
  2662 | D:3      | Killed Grinder
  2663 | D:3      | Reached skill level 5 in Maces & Flails
  2663 | D:3      | Reached skill level 5 in Armour
  2663 | D:3      | Reached skill level 1 in Dodging
  2663 | D:3      | Reached XP level 6. HP: 33/53 MP: 5/5
  3425 | D:4      | Reached skill level 6 in Maces & Flails
  3819 | D:4      | Reached XP level 7. HP: 51/60 MP: 6/6
  3937 | D:4      | Noticed Dowan
  3937 | D:4      | Noticed Duvessa
  3971 | D:4      | HP: 3/60 [Duvessa/puff of flame (4)]
  3973 | D:4      | Slain by Duvessa

Illustrated notes

Levels and vault maps discovered:
D:1:      mrwooster_arrival_statue_3, layout_loops_ring, minmay_quantized
D:2:      layout_basic, basic_ecumenical_altar, st_stairs_12
D:3:      minmay_bubble_buster, layout_basic, serial_shops, shop,
          cheibrodos_sewer_entry_sluice, amethyst_killhole, minivault_4,
          uniq_grinder
D:4:      layout_loops_ring, minmay_bisected, uniq_duvessa,
          uniq_crazy_yiuf_cottage

Skill      XL: |  1  2  3  4  5  6 |
---------------+-------------------+-----
Armour         | 4 5 |  5.8
Shields        | 4 |  4.4
Fighting       | 4 |  4.9
Maces & Flails | 3 4 5 6 |  6.4
Dodging        | 1 |  1.3
Stealth        | |  0.3

Action                   |  1- 3 |  4- 6 |  7- 9 || total
-------------------------+-------+-------+-------++-------
Melee: Flail             |   104 |   113 |     9 ||   226
       Headbutt          |    14 |    15 |     4 ||    33
  Use: Scroll            |     3 |     1 |       ||     4
       Potion            |     1 |     2 |       ||     3
Armor: Scale mail        |    59 |    35 |     2 ||    96
Dodge: Dodged            |    54 |    46 |       ||   100
Block: Buckler           |    14 |    16 |       ||    30
